 Dungeon Crawl Stone Soup version 0.20-a0-548-gad3071d (webtiles) character file.

224 DeadSaracen the Slasher (level 6, -4/47 HPs)
             Began as a Human Fighter on Jan 1, 2017.
             Slain by a gnoll
             ... wielding a +0 spear
              (6 damage)
             ... on level 3 of the Dungeon.
             The game lasted 00:10:12 (2077 turns).

DeadSaracen the Slasher (Human Fighter)             Turns: 2077, Time: 00:10:13

Health: -4/47      AC:  6    Str: 24    XL:     6   Next: 20%
Magic:  6/6        EV: 10    Int:  8    God:
Gold:   32         SH:  0    Dex: 12    Spells: 5/5 levels left

rFire  . . .     SeeInvis .     a - +0 long sword
rCold  . . .     Gourm    .     b - +0 scale mail
rNeg   . . .     Faith    .     (no shield)
rPois  .         Spirit   .     (no helmet)
rElec  .         Reflect  .     (no cloak)
rCorr  .         Harm     .     (no gloves)
MR     .....                    (no boots)
Stlth  ..........               (no amulet)
                                (no ring)
                                (no ring)

@: mighty
A: no striking features
a: no special abilities


You were on level 3 of the Dungeon.
You were not hungry.

You visited 1 branch of the dungeon, and saw 3 of its levels.

You collected 32 gold pieces.

Inventory:

Hand Weapons
 a - a +0 long sword (weapon)
Missiles
 h - 6 tomahawks (quivered)
Armour
 b - a +0 scale mail (worn)
Jewellery
 n - an uncursed ring of fire
Scrolls
 e - 2 scrolls of magic mapping {unknown}
 i - 2 scrolls of identify {unknown}
 j - a scroll of recharging {unknown}
 o - a scroll of enchant weapon {unknown}
 p - a scroll of teleportation {unknown}
 q - 2 scrolls of fog {unknown}
Potions
 k - a potion of heal wounds {unknown}
 l - a potion of flight {unknown}
 m - a potion of cure mutation {unknown}
Comestibles
 c - 5 chunks of flesh
 f - a bread ration
 g - 2 meat rations
 r - 3 fruits


   Skills:
 - Level 3.0 Fighting
 * Level 5.8 Long Blades
 - Level 3.0 Armour
 - Level 1.2 Dodging
   Level 3.0 Shields


You had 5 spell levels left.
You didn't know any spells.

Dungeon Overview and Level Annotations

Branches:
Dungeon (3/15)

Altars:
Fedhas
Yredelemnul
Zin


Message History

* * * LOW HITPOINT WARNING * * *
You slash the gnoll shaman!
You kill the gnoll shaman!
You have reached level 6!
Your experience leads to an increase in your attributes!
Your base attributes are Str 18, Int 8, Dex 12.
Increase (S)trength, (I)ntelligence, or (D)exterity?
You feel stronger. The gnoll barely misses you.
You slash the gnoll!
You kill the gnoll!
The gnoll closely misses you.
You slice the gnoll!!
You kill the gnoll!
The gnoll barely misses you.
The gnoll hits you from afar with a spear.
* * * LOW HITPOINT WARNING * * *
The gnoll hits you but does no damage. The gnoll barely misses you.
The gnoll hits you with a spear.
You die...

... ######....
..##.<.....#
###+#.##>####.##
#.....##........
###.#.........#.##
### #........####.#
#...##.#....#....#.#
#...'.g###.##....# .
#Kg@)...'.(..# .
#.####.##....+ ..
#.# #.##....# g..
#.#......# .#..
#.#.####.# ..#...
#.#. .# .. #... #.#.
# .## #...##.#+


You could see 2 gnolls and a kobold.

Vanquished Creatures
  A centaur (D:3)
  A gnoll shaman (D:3)
  3 gnolls (D:3)
  3 adders
  2 worms (D:2)
  4 dart slugs
  A leopard gecko (D:1)
  A ball python (D:2)
  4 bats
  2 giant cockroaches
  5 goblins
  6 hobgoblins
  6 jackals
  3 kobolds
  3 frilled lizards (D:1)
  2 rats
47 creatures vanquished.

Notes
Turn   | Place    | Note
-------+----------+-------------------------------------------
     0 | D:1      | DeadSaracen the Human Fighter began the quest for the Orb.
     0 | D:1      | Reached XP level 1. HP: 18/18 MP: 1/1
   153 | D:1      | Reached XP level 2. HP: 24/24 MP: 2/2
   234 | D:1      | Reached skill level 3 in Long Blades
   368 | D:1      | Reached XP level 3. HP: 27/29 MP: 3/3
   445 | D:1      | Reached skill level 1 in Dodging
  1268 | D:2      | Reached XP level 4. HP: 33/35 MP: 4/4
  1316 | D:2      | Found a basalt altar of Yredelemnul.
  1468 | D:2      | Reached skill level 4 in Long Blades
  1606 | D:2      | Found a glowing silver altar of Zin.
  1676 | D:2      | Found a blossoming altar of Fedhas.
  2060 | D:3      | Noticed a centaur
  2067 | D:3      | Reached XP level 5. HP: 17/41 MP: 5/5
  2071 | D:3      | Killed a centaur
  2071 | D:3      | Reached skill level 5 in Long Blades
  2074 | D:3      | Reached XP level 6. HP: 6/47 MP: 6/6
  2076 | D:3      | HP: 2/47 [gnoll/spear (4)]
  2077 | D:3      | Slain by a gnoll

Vault maps used:
D:1:      minmay_arrival_split_and_join
D:2:      lemuel_round_altar, lemuel_coloured_pillars_altar, serial_curves,
          eino_curves_01, eino_curves_01, fedhas_altar_2
D:3:      first_bread, ashenzari_altar_1

Skill      XL: |  1  2  3  4  5 |
---------------+----------------+-----
Long Blades    | 3 4 5 |  5.8
Dodging        | 1 |  1.2
Fighting       | |  3.0
Armour         | |  3.0
Shields        | |  3.0

Action                   |  1- 3 |  4- 6 || total
-------------------------+-------+-------++-------
Melee: Long sword        |    90 |    59 ||   149
Throw: Tomahawk          |     3 |     1 ||     4
  Use: Potion            |       |     1 ||     1
  Eat: Chunk             |     1 |     3 ||     4
Armor: Scale mail        |    30 |    21 ||    51
Dodge: Dodged            |    41 |    27 ||    68
       Rpst.: Long sword |    14 |     5 ||    19
